AoeStats
← Osezn

Arena

505794624Analyzed
3v3 RM · 22d ago on Sep 11, 2026· 30m 47s· 6 players
Game mode
Random Map
Map size
Normal (6 player)
Population
200
Speed
Normal
Resources
Standard
Victory
Conquest
Starting age
Dark Age
Ending age
Imperial Age
RankedLock teamsTeams togetherTeam positionsShared explorationLock speedFull tech treeHidden civsTurbo modeCheats
Victory
Defeat
🇦🇺 Mongols · Australia
919
+14
🇺🇸 Huns · United States
839
+17
🇵🇷 Byzantines · Puerto Rico
787
+19
🇨🇱 Saracens · Chile
1000
-74
🇨🇱 Japanese · Chile
809
-14
🇨🇱 Teutons · Chile
786
-17
guilleaj
1:00 Loom
11:02 Feudal Age
11:51 Double-Bit Axe
11:35 Man-at-Arms
12:16 Horse Collar
17:13 Gold Mining
21:13 Castle Age
19:43 Forging
19:56 Scale Mail Armor
20:31 Fletching
22:26 Wheelbarrow
23:06 Bow Saw
24:06 Long Swordsman
24:33 Light Cavalry
26:09 Fervor
26:25 Heavy Plow
26:41 Stone Mining
28:13 Hand Cart
28:49 Husbandry
28:44 Town Watch
29:04 Padded Archer Armor
30:12 Leather Archer Armor
31:06 Ballistics
30:49 Atonement
30:54 Devotion
31:16 Sanctity
31:17 Bloodlines
danielrojaslaw
0:27 Loom
12:46 Feudal Age
14:03 Wheelbarrow
13:11 Horse Collar
13:21 Double-Bit Axe
13:29 Gold Mining
21:50 Castle Age
20:04 Stone Mining
20:41 Forging
20:32 Scale Mail Armor
20:23 Fletching
20:34 Padded Archer Armor
21:16 Scale Barding Armor
24:07 Heavy Plow
24:25 Bow Saw
29:34 Hand Cart
33:09 Imperial Age
31:40 Iron Casting
31:21 Chain Mail Armor
31:26 Chain Barding Armor
31:01 Bodkin Arrow
31:22 Leather Archer Armor
30:54 Treadmill Crane
31:26 Fortified Wall
Roosterdog
10:52 Feudal Age
11:38 Double-Bit Axe
14:33 Castle Age
12:34 Stone Mining
12:57 Loom
14:59 Fletching
21:02 Thumb Ring
27:26 Gold Mining
Kuthix
11:17 Feudal Age
12:03 Horse Collar
13:06 Gold Mining
13:04 Double-Bit Axe
14:25 Stone Mining
16:21 Wheelbarrow
19:09 Castle Age
21:21 Town Watch
22:59 Bow Saw
24:10 Town Watch
Chapesito
4:26 Loom
11:58 Feudal Age
14:10 Wheelbarrow
13:19 Horse Collar
25:16 Castle Age
23:59 Padded Archer Armor
23:51 Fletching
24:31 Gold Mining
25:19 Crossbowman
26:37 Pikeman
27:35 Stone Mining
29:36 Stone Shaft Mining
29:05 Double-Bit Axe
Osezn
3:49 Loom
10:53 Feudal Age
12:09 Double-Bit Axe
12:06 Horse Collar
21:44 Castle Age
20:22 Fletching
20:33 Padded Archer Armor
20:47 Gold Mining
22:40 Thumb Ring
21:57 Crossbowman
23:28 Leather Archer Armor
23:42 Bow Saw
23:29 Elite Skirmisher
24:43 Bodkin Arrow
26:39 Heavy Plow
29:22 Ballistics
Connection lost

Rejoining the realm…

Still unreachable

The connection could not be restored.

Session expired

The server has moved on; the page needs a fresh start.